 Dungeon Sprint DCSS version 0.23.2-1-ga50397a (webtiles) character file.

Game seed: 7410461500194946642

1803 wilfster70 the Grappler (level 8, -1/92 HPs)
             Began as a Troll Monk on May 23, 2019.
             Was an Elder of Makhleb.
             Slain by a hellwing (4 damage)
             ... summoned by a kobold demonologist
             ... while petrified by a basilisk
             ... in the Dungeon (Sprint IX: "|||||||||||||||||||||||||||||").
             The game lasted 00:01:49 (379 turns).

wilfster70 the Grappler (Troll Monk)                 Turns: 379, Time: 00:01:49

Health: -1/92      AC:  6    Str: 22    XL:     8   Next: 83%
Magic:  12/12      EV:  1    Int:  9    God:    Makhleb [****..]
Gold:   0          SH:  0    Dex: 12    Spells: 7/7 levels left

rFire    . . .     SeeInvis .     - Unarmed
rCold    . . .     Gourm    +   (no shield)
rNeg     + + +     Faith    .   a - +0 robe
rPois    ∞         Spirit   .   (helmet restricted)
rElec    .         Reflect  .   (no cloak)
rCorr    .         Harm     .   (gloves unavailable)
MR       .....     NoTele   +   (boots unavailable)
Stlth    ++........             (no amulet)
HPRegen  0.65/turn              l - +2 ring of evasion
MPRegen  0.13/turn              m - +3 ring of intelligence

@: petrified
A: large, unfitting armour, claws 3, fast metabolism 3, gourmand, regeneration
1, shaggy fur 1, tough skin 3
a: Minor Destruction, Lesser Servant of Makhleb, Major Destruction, Renounce
Religion


You were in the Dungeon.
You worshipped Makhleb.
Makhleb was greatly pleased with you.
You were very full.

You visited 1 branch

Inventory:

Armour
 a - a +0 robe (worn)
Jewellery
 l - a +2 ring of evasion (left claw)
 m - a +3 ring of intelligence (right claw)
Wands
 k - a wand of iceblast (10)
Scrolls
 h - 2 scrolls of blinking
 i - 3 scrolls of remove curse
 j - 2 scrolls of amnesia
Potions
 c - 5 potions of curing
 e - a potion of haste
 f - 4 potions of magic
 g - a potion of invisibility
Comestibles
 b - 2 rations


   Skills:
 + Level 9.2 Fighting
 + Level 9.2 Dodging
 - Level 1.0 Stealth
 + Level 10.8 Unarmed Combat
 + Level 7.8 Invocations


You had 7 spell levels left.
You didn't know any spells.
Your spell library was empty.

Dungeon Overview and Level Annotations

Branches:
Dungeon (1/1)

Altars:
Cheibriados
Dithmenos
Elyvilon
Fedhas
Gozag
Hepliaklqana
Kikubaaqudgha
Makhleb
Nemelex Xobeh
Okawaru
Qazlal
Ru
Sif Muna
Trog
Uskayaw
Vehumet
Wu Jian
Xom
Yredelemnul
Zin
The Shining One
Beogh
Jiyva
Lugonu


Innate Abilities, Weirdness & Mutations

You are too large for most types of armour.
You have claws for hands.
Your metabolism is lightning-fast.
You like to eat raw meat.
Your natural rate of healing is unusually fast.
You are covered in fur. (AC +1)
You have extremely tough skin. (AC +3)


Message History

* * * LOW HITPOINT WARNING * * *
The hellwing hits you but does no damage.
The hellwing hits you.
* * * LOW HITPOINT WARNING * * *
The crimson imp puffs mist at you.
The crimson imp blinks!
The crimson imp shouts, "Disclaim thyself, thou currish rude-growing surfacer!"
The crimson imp blinks!
The basilisk bites you.
* * * LOW HITPOINT WARNING * * *
The kobold demonologist gestures wildly while chanting.
The hellwing hits you. x2
* * * LOW HITPOINT WARNING * * *
The crimson imp blinks!
The basilisk bites you but does no damage.
The hellwing hits you!
* * * LOW HITPOINT WARNING * * *
The hellwing hits you but does no damage.
The basilisk bites you but does no damage.
The hellwing hits you!
You die...

▓+▓
▓5▓
▓K▓
▓5▓
▓4▓
▓l▓
▓@▓
▓4▓
▓.▓
▓.▓
▓5▓
▓.▓
▓.▓
▓.▓
▓÷▓


You could see a hellwing, an ice devil, a kobold demonologist, a basilisk, 2
crimson imps and a shadow imp.

Vanquished Creatures
  A centaur warrior (D)
  An unseen horror (D)
  An acid dragon (D)
  A sky beast (D)
  A black bear (D)
  An ogre (D)
  A centaur (D)
  A bullfrog (D)
  A killer bee (D)
  A howler monkey (D)
  A hound (D)
  A worker ant (D)
  An adder (D)
  A bat skeleton (D)
  A jackal (D)
  A bat (D)
  A frilled lizard (D)
  A giant cockroach zombie (D)
  2 goblins (D)
20 creatures vanquished.

Notes
Turn   | Place    | Note
-------+----------+-------------------------------------------
     0 | D        | wilfster70 the Troll Monk began the quest for the Orb.
     0 | D        | Reached XP level 1. HP: 22/22 MP: 0/0
   132 | D        | Noticed a hound
   132 | D        | Noticed a centaur
   132 | D        | Noticed a worker ant
   134 | D        | Reached skill level 4 in Unarmed Combat
   134 | D        | Reached XP level 2. HP: 25/31 MP: 1/1
   142 | D        | Reached XP level 3. HP: 24/39 MP: 2/2
   144 | D        | Killed a centaur
   144 | D        | Reached skill level 5 in Fighting
   144 | D        | Reached skill level 5 in Dodging
   144 | D        | Reached skill level 6 in Unarmed Combat
   144 | D        | Reached XP level 4. HP: 25/50 MP: 3/3
   146 | D        | Reached XP level 5. HP: 29/57 MP: 4/4
   198 | D        | Found a roughly hewn altar of Beogh.
   198 | D        | Found a snail-covered altar of Cheibriados.
   198 | D        | Found a shadowy altar of Dithmenos.
   198 | D        | Found a white marble altar of Elyvilon.
   198 | D        | Found a blossoming altar of Fedhas.
   198 | D        | Found an opulent altar of Gozag.
   199 | D        | Found a hazy altar of Hepliaklqana.
   200 | D        | Found a viscous altar of Jiyva.
   201 | D        | Found an ancient bone altar of Kikubaaqudgha.
   202 | D        | Found a corrupted altar of Lugonu.
   203 | D        | Found a burning altar of Makhleb.
   204 | D        | Found a sparkling altar of Nemelex Xobeh.
   205 | D        | Found an iron altar of Okawaru.
   206 | D        | Found a stormy altar of Qazlal.
   207 | D        | Found a sacrificial altar of Ru.
   208 | D        | Found a deep blue altar of Sif Muna.
   209 | D        | Found a bloodstained altar of Trog.
   210 | D        | Found a hide-covered altar of Uskayaw.
   211 | D        | Became a worshipper of Makhleb the Destroyer
   211 | D        | Reached * piety under Makhleb
   211 | D        | Reached ** piety under Makhleb
   212 | D        | Found a radiant altar of Vehumet.
   213 | D        | Found an ornate altar of the Wu Jian Council.
   214 | D        | Found a shimmering altar of Xom.
   215 | D        | Found a basalt altar of Yredelemnul.
   216 | D        | Found a glowing silver altar of Zin.
   217 | D        | Found a glowing golden altar of the Shining One.
   243 | D        | Noticed a sky beast
   243 | D        | Noticed an ogre
   253 | D        | Reached skill level 1 in Invocations
   257 | D        | Reached skill level 7 in Unarmed Combat
   264 | D        | Reached XP level 6. HP: 27/68 MP: 4/7
   277 | D        | Killed an unseen horror
   277 | D        | Reached *** piety under Makhleb
   277 | D        | Reached skill level 9 in Unarmed Combat
   277 | D        | Reached XP level 7. HP: 41/79 MP: 6/10
   347 | D        | Noticed a kobold demonologist
   347 | D        | Noticed a basilisk
   347 | D        | Noticed a centaur warrior
   359 | D        | Killed a centaur warrior
   359 | D        | Reached skill level 10 in Unarmed Combat
   359 | D        | Reached XP level 8. HP: 34/92 MP: 10/12
   363 | D        | Reached **** piety under Makhleb
   365 | D        | Noticed an ice devil
   367 | D        | Noticed a hellwing
   378 | D        | HP: 2/92 [hellwing[a kobold demonologist] (8)]
   379 | D        | Slain by a hellwing

Skill      XL: |  1  2  3  4  5  6  7 |
---------------+----------------------+-----
Fighting       | 3 5 6 7 9 |  9.2
Dodging        | 3 5 6 7 9 |  9.2
Unarmed Combat | 4 6 7 9 10 | 10.8
Invocations    | 3 6 7 |  7.8
Stealth        | |  1.0

Action                   |  1- 3 |  4- 6 |  7- 9 || total
-------------------------+-------+-------+-------++-------
Melee: Unarmed           |    25 |    29 |    29 ||    83
       Punch             |     1 |       |     3 ||     4
  Use: Potion            |     1 |     3 |       ||     4
  Eat: Chunk             |     3 |     1 |     3 ||     7
Armor: Robe              |     7 |     8 |     9 ||    24
Dodge: Dodged            |    10 |    16 |    16 ||    42
